 Dungeon Crawl Stone Soup version 0.28-a0-511-gcc94558de3 (webtiles) character file.

Game seed: 9596105354501277091

44 robertstho the Magician (level 3, 0/27 HPs)
             Began as a Djinni Fire Elementalist on Sept 21, 2021.
             Frozen to death by an endoplasm (6 damage)
             ... on level 2 of the Dungeon.
             The game lasted 00:01:45 (2224 turns).

robertstho the Magician (Djinni Fire Elementalist)  Turns: 2224, Time: 00:01:45

Health: 0/27       AC:  2    Str:  7    XL:     3   Next: 85%
Gold:   56         EV: 12    Int: 17    God:
                   SH:  5    Dex: 13

rFire   + + .      SeeInvis .   c - +0 whip (venom)
rCold   x . .      Faith    .   (no shield)
rNeg    . . .      Spirit   .   a - +0 robe
rPois   ∞          Reflect  +   (no helmet)
rElec   .          Harm     .   (no cloak)
rCorr   .          Rampage  .   (no gloves)
Will    .....                   (boots unavailable)
Stlth   ++........              d - amulet of reflection
HPRegen 0.09/turn               (no ring)
MPRegen 0.00/turn               (no ring)

@: flying, very slightly contaminated
A: sickness immunity, fire resistance 2, cold vulnerability 1, float, innate
caster, hp casting, extra vitality 1
a: no special abilities


You were on level 2 of the Dungeon.
You visited 1 branch of the dungeon, and saw 2 of its levels.

You collected 56 gold pieces.

Inventory:

Hand Weapons
 b - a +0 short sword
 c - a +0 whip of venom (weapon)
 h - a +1 hand axe of flaming
Armour
 a - a +0 robe (worn)
Jewellery
 d - an amulet of reflection (around neck)
Potions
 e - a potion of berserk rage {unknown}
 f - a potion of curing {unknown}
 g - 3 potions of mutation {unknown}
 i - a potion of degeneration {unknown}
 j - a potion of might {unknown}
 l - a potion of cancellation {unknown}


   Skills:
 * Level 1.3 Fighting
 + Level 0.1 Maces & Flails
 + Level 2.5 Dodging
 + Level 1.7 Stealth
 * Level 3.0 Spellcasting


You couldn't memorise any spells.
You knew the following spells:

 Your Spells              Type           Power      Damage    Failure   Level
a - Foxfire               Conj/Fire      48%        2x1d6     4%          1
b - Scorch                Fire           24%        2d6       8%          2
c - Conjure Flame         Conj/Fire      12%        6-21      16%         3
d - Inner Flame           Hex/Fire       12%        N/A       16%         3
e - Flame Wave            Conj/Fire      12%        3d4       45%         4
f - Apportation           Tloc           24%        N/A       4%          1
Your spell library was empty.

Dungeon Overview and Level Annotations

Branches:
Dungeon (2/15)

Altars:


Innate Abilities, Weirdness & Mutations

You are immune to sickness and miasma.
You are immune to poison.
Your flesh is very heat resistant. (rF++)
You are vulnerable to cold. (rC-)
You float through the air rather than walking.
You learn spells naturally, not from books.
Your magical power is your life essence.
You have superior vitality. (+4 HP)


Message History

The kobold throws a stone.
The stone closely misses you. The adder closely misses you.
Casting: Scorch (safe; 8% risk of failure)
Confirm with . or Enter, or press ? or * to list all spells.
Flames lash the kobold.
The kobold is severely wounded.
The kobold's fire resistance burns away.
A hobgoblin comes into view.
The adder misses you.
Casting: Scorch (safe; 8% risk of failure)
Confirm with . or Enter, or press ? or * to list all spells.
Flames lash the kobold.
The kobold is burned terribly!
You kill the kobold!
The adder barely misses you.
A kobold comes into view. It is wielding a +0 short sword.
The adder bites you.
Casting: Scorch (safe; 8% risk of failure)
Confirm with . or Enter, or press ? or * to list all spells.
Flames lash the adder.
The adder is burned terribly!
You kill the adder!
Your Spellcasting skill increases to level 3!
Unknown command.
Casting: Scorch (safe; 8% risk of failure)
Confirm with . or Enter, or press ? or * to list all spells.
Flames lash the endoplasm.
The endoplasm is almost dead.
The endoplasm's fire resistance burns away.
* * * LOW HITPOINT WARNING * * *
Casting: Scorch (safe; 8% risk of failure)
Confirm with . or Enter, or press ? or * to list all spells.
You miscast Scorch.
You are very lightly contaminated with residual magic.
Nothing appears to happen.
* * * LOW HITPOINT WARNING * * *
The endoplasm closely misses you.
There is an open door here.
The endoplasm jiggles.
The endoplasm freezes you.
You are frozen.
You feel a terrible chill!
You die...

................
##.##.###.....
##.##.#####.#
#########
.#..#.......#
#........
.##.#######.#
#........
.+......# #.#
#........
.#...##.# #)#
#........
.#.#..#.#
#)######..).....
.#.#....#
#.....@J.<......
....#..##
#.######..K.....
....##.####.###
#........
....##..##....#
#g.......
....###.##....#
#....$... ....#
#.##....#
#........ ....#
#.##....#
......... #...#
#.##....#
...$##### ...##
#..#....# ....#


You could see an endoplasm (combustible) and a kobold.

Vanquished Creatures
  An adder (D:2)
  2 dart slugs
  A bat (D:1)
  An endoplasm (D:2)
  A giant cockroach (D:2)
  A goblin (D:2)
  3 hobgoblins
  2 quokkas
  2 ball pythons (D:1)
  4 frilled lizards
  7 kobolds
  9 rats
34 creatures vanquished.

Vanquished Creatures (others)
  3 foxfires (D:1)
3 creatures vanquished.

Grand Total: 37 creatures vanquished

Notes
Turn   | Place    | Note
-------+----------+-------------------------------------------
     0 | D:1      | robertstho the Djinni Fire Elementalist began the quest for
                  | the Orb.
     0 | D:1      | Reached XP level 1. HP: 15/15 MP: 0/0
   374 | D:1      | Reached XP level 2. HP: 20/21 MP: 0/0
  1166 | D:1      | Reached skill level 1 in Fighting
  1366 | D:1      | Reached XP level 3. HP: 24/27 MP: 0/0
  1366 | D:1      | Learned a level 1 spell: Apportation
  2221 | D:2      | Reached skill level 3 in Spellcasting
  2224 | D:2      | Frozen to death by an endoplasm

Illustrated notes

Levels and vault maps discovered:
D:1:      dpeg_arrival_ratfight, layout_basic, minmay_pentomino_v4
D:2:      layout_basic, ebering_ecumenical_altar_hall

Skill      XL: |  1  2  3 |
---------------+----------+-----
Fighting       | 1 |  1.3
Spellcasting   | 3 |  3.0
Maces & Flails | |  0.1
Dodging        | |  2.5
Stealth        | |  1.7

Action                   || total
-------------------------++-------
Melee: Whip              ||    58
       Short sword       ||     2
 Cast: Foxfire           ||     3
       Scorch            ||    21
  Use: Scroll            ||     2
 Stab: Sleeping          ||     2
Armor: Robe              ||     7
Dodge: Dodged            ||    44
Block: Other             ||    14

Table legend: (Time is in decaauts)
 A = Elapsed time spent in this place.
 B = Non-inter-level travel time spent in this place.
 C = Inter-level travel time spent in this place.
 D = Time resting spent in this place.
 E = Time spent auto-exploring this place.
 F = Levels seen in this place.
 G = Mean time per level.
                   A        B        C        D        E       F      G
               +--------+--------+--------+--------+--------+-----+--------+
         Total |   2228 |   2177 |     51 |    264 |   1687 |   2 | 1114.0 |
       Dungeon |   2228 |   2177 |     51 |    264 |   1687 |   2 | 1114.0 |
               +--------+--------+--------+--------+--------+-----+--------+

Top non-repeatable levels by time:
     D:1: 1515 daAuts
     D:2: 713 daAuts
